 Dungeon Crawl Stone Soup version 0.26-a0-30-g56b8cd3df0 (webtiles) character file.

Game seed: 11406311365945631077, levelgen mode: deterministic

145 EnemyBeauty the Skirmisher (level 5, -9/47 HPs)
             Began as a Hill Orc Fighter on June 2, 2020.
             Mangled by an ogre
             ... wielding a +0 giant spiked club
              (25 damage)
             ... on level 3 of the Dungeon.
             The game lasted 00:08:41 (1596 turns).

EnemyBeauty the Skirmisher (Hill Orc Fighter)       Turns: 1596, Time: 00:08:41

Health: -9/47      AC:  8    Str: 20    XL:     5   Next: 27%
Magic:  5/5        EV:  7    Int:  8    God:
Gold:   141        SH:  9    Dex: 10    Spells: 4/4 levels left

rFire    . . .     SeeInvis .   a - +0 war axe
rCold    . . .     Gourm    .   c - +0 kite shield
rNeg     . . .     Faith    .   b - +0 scale mail
rPois    +         Spirit   .   l - +1 hat
rElec    .         Reflect  .   (no cloak)
rCorr    .         Harm     .   (no gloves)
MR       .....                  (no boots)
Stlth    ..........             (no amulet)
HPRegen  0.15/turn              j - ring of poison resistance
MPRegen  0.09/turn              q - ring of wizardry

@: no status effects
A: no striking features
a: no special abilities


You were on level 3 of the Dungeon.
You were not hungry.

You visited 1 branch of the dungeon, and saw 5 of its levels.

You collected 141 gold pieces.

Inventory:

Hand Weapons
 a - a +0 war axe (weapon)
 g - a +0 club
 i - a +0 whip
 m - a +0 short sword
 y - a +0 short sword
 A - a +0 dagger
 B - a +0 flail
 C - a +0 morningstar
Armour
 b - a +0 scale mail (worn)
 c - a +0 kite shield (worn)
 l - a +1 hat (worn)
 n - a +0 leather armour
 o - a +0 robe
 z - a +0 ring mail
 D - a +0 chain mail
 E - a +0 robe
 F - a +0 leather armour
Jewellery
 j - a ring of poison resistance (left hand)
 q - a ring of wizardry (right hand)
 s - an uncursed ring of flight {unknown}
 w - a cursed ring of teleportation {unknown}
Scrolls
 e - a scroll of identify {unknown}
 k - 2 scrolls of fog {unknown}
 r - a scroll of amnesia {unknown}
 t - a scroll of teleportation {unknown}
 v - a scroll of fear {unknown}
 x - a scroll of noise {unknown}
Potions
 d - a potion of might
 h - a potion of mutation {unknown}
 u - a potion of brilliance {unknown}
Comestibles
 f - 2 rations


   Skills:
 + Level 4.5 Fighting
 + Level 4.2 Axes
 + Level 4.1 Armour
 + Level 0.7 Dodging
 + Level 4.1 Shields


You had 4 spell levels left.
You didn't know any spells.
Your spell library was empty.

Dungeon Overview and Level Annotations

Branches:
Dungeon (5/15)
 Temple: D:4-7

Altars:
Qazlal


Message History

You block the adder's attack. The orc hits you with a +0 falchion.
You slash the adder!
The adder is almost dead.
You closely miss the orc. You block the adder's attack.
The orc hits you but does no damage. The adder bites you but does no damage.
You miss the adder.
The adder is almost dead.
You hit the orc. You block the adder's attack.
The orc hits you with a +0 falchion.
You completely miss the adder.
The adder is almost dead.
You hit the orc.
You kill the orc!
The adder bites you.
The kobold throws a stone.
The stone completely misses you. The adder bites you but does no damage.
You hit the ogre but do no damage. You hit the adder.
You kill the adder!
The ogre hits you with a +0 giant spiked club!!
Ouch! That really hurt!
You die...

#.......
#.......######.......
#.......#..........#.
#.......#.#####.####.
....... ... +. .....
#+#####+ #. .o. .....
#. #'#wo.... ##
#@Ooo.... ###Ko....
..... .... ... .. .


You could see an ogre, a worm, 5 orcs and a kobold.

Vanquished Creatures
  2 orc wizards
  A worker ant (D:4)
  3 adders
  A worm (D:2)
  8 orcs
  A giant cockroach (D:4)
  2 goblins
  3 hobgoblins (D:3)
  A kobold (D:2)
  A ball python (D:3)
  3 bats
  5 frilled lizards
31 creatures vanquished.

Notes
Turn   | Place    | Note
-------+----------+-------------------------------------------
     0 | D:1      | EnemyBeauty the Hill Orc Fighter began the quest for the
                  | Orb.
     0 | D:1      | Reached XP level 1. HP: 19/19 MP: 1/1
   122 | D:2      | Reached XP level 2. HP: 10/27 MP: 2/2
   442 | D:2      | Reached XP level 3. HP: 9/34 MP: 3/3
   700 | D:2      | Found a stormy altar of Qazlal.
  1117 | D:4      | Reached XP level 4. HP: 16/41 MP: 4/4
  1253 | D:5      | Entered Level 5 of the Dungeon
  1272 | D:5      | Noticed an orc warrior
  1583 | D:4      | Noticed an ogre
  1592 | D:3      | Reached XP level 5. HP: 21/47 MP: 5/5
  1596 | D:3      | Mangled by an ogre

Illustrated notes

Levels and vault maps discovered:
D:1:      minmay_arrival_four_circles, layout_loops_corners, minmay_tetromino_l2
D:2:      layout_rooms, hangedman_ru_absence, nicolae_qazlal_general_emergency
D:3:      layout_basic, roderic_serpentine_path, st_stairs_14, kennysheep_path_1
D:4:      layout_gridville, minmay_diced_spiral, uniq_crazy_yiuf_cottage
D:5:      layout_gridville, minitemple, first_ration, uniq_edmund

Skill      XL: |  1  2  3  4 |
---------------+-------------+-----
Fighting       | 4 |  4.5
Axes           | 3 4 |  4.2
Shields        | 4 |  4.1
Armour         | 4 |  4.1
Dodging        | |  0.7

Action                   |  1- 3 |  4- 6 || total
-------------------------+-------+-------++-------
Melee: War axe           |    84 |    25 ||   109
  Use: Potion            |     1 |       ||     1
  Eat: Chunk             |       |     2 ||     2
Armor: Scale mail        |    39 |    17 ||    56
Dodge: Dodged            |    16 |     5 ||    21
Block: Kite shield       |    42 |    12 ||    54

Table legend:
 A = Non-vault XP
 B = Vault XP
 C = Vault XP percentage of total XP
 D = Non-vault monster count
 E = Vault monster count
 F = Vault count percentage of total count
                 A         B        C        D         E       F
            +---------+---------+-------+---------+---------+-------
      Total |     205 |       3 |   1.4 |      30 |       1 |   3.2
            +---------+---------+-------+---------+---------+-------
        D:1 |       3 |       0 |   0.0 |       2 |       0 |   0.0
        D:2 |      35 |       0 |   0.0 |       6 |       0 |   0.0
        D:3 |      76 |       3 |   3.8 |      14 |       1 |   6.7
        D:4 |      91 |       0 |   0.0 |       8 |       0 |   0.0
            +---------+---------+-------+---------+---------+-------
